 Dungeon Crawl Stone Soup version 0.32-a0-576-g706899e69d (webtiles) character file.

Game seed: 11073830463032281470

193019 Jeffwins the Eclecticist (level 18, -11/198 HPs)
             Began as an Oni Air Elementalist on Feb 17, 2024.
             Was a High Priest of Vehumet.
             Hit by a silver javelin thrown by a merfolk javelineer (20 damage)
             ... on level 3 of the Shoals on Mar 1, 2024.
             The game lasted 01:33:30 (39323 turns).

Jeffwins the Eclecticist (Oni Air Elementalist)    Turns: 39323, Time: 01:33:31

Health: -11/198    AC:  9    Str: 17    XL:     18   Next: 70%
Magic:  37/40      EV: 12    Int: 28    God:    Vehumet [*****.]
Gold:   1666       SH: 12    Dex:  9    Spells: 21/54 levels left

rFire   + . .        p - staff of air
rCold   + . .        k - +3 kite shield of Naivaim {Slay+3}
rNeg    . . .        L - +1 swamp dragon scales
rPois   +            (helmet restricted)
rElec   +            y - scarf {rC+ rF+}
rCorr   .            (gloves unavailable)
SInv    .            (boots unavailable)
Will    ++...        a - amulet of magic regeneration
Stlth   +            P - ring of the Invisible Hand {rElec rPois Will+ EV+5}
HPRegen 0.53/turn    I - +6 ring of intelligence
MPRegen 0.67/turn

%: no passive effects
@: afraid
A: large, unfitting armour, horns 1, tough skin 1, double potion healing,
drunken brawling
a: Renounce Religion


You were on level 3 of the Shoals.
You worshipped Vehumet.
Vehumet was extremely pleased with you.
You visited 5 branches of the dungeon, and saw 26 of its levels.
You also visited: Ice Cave and Volcano.

You collected 3339 gold pieces.
You spent 1673 gold pieces at shops.


Innate Abilities, Weirdness & Mutations

You are too large for most types of armour.
You have a pair of small horns on your head.
You have tough skin. (AC +1)
You gain doubled healing and magic from potions.
Whenever you drink a healing potion, you attack all around you.


   Skills:
 + Level 16.4 Fighting
 - Level 2.0 Dodging
 - Level 2.0 Stealth
 + Level 7.4 Shields
 * Level 18.9 Spellcasting
 - Level 8.0 Conjurations
 * Level 15.1 Air Magic
 - Level 6.0 Alchemy
 + Level 10.3 Evocations


You had 21 spell levels left.
You knew the following spells:

 Your Spells              Type           Power      Damage    Failure   Level
c - Airstrike             Air            52%        2d(8-24)  1%          4
f - Fireball              Conj/Fire      24%        3d11      11%         5
m - Mephitic Cloud        Conj/Alch/Air  88%        N/A       1%          3
o - Olgreb's Toxic Radia  Alch           56%        N/A       1%          4
x - Conjure Ball Lightni  Conj/Air       47%        3x3d16    2%          6
z - Shock                 Conj/Air       100%       1d9       1%          1
X - Static Discharge      Conj/Air       100%       3-8/arc   1%          2
Y - Maxwell's Capacitive  Air            52%        ∞         24%         8

Your spell library contained the following spells:

 Spells                   Type           Power      Damage    Failure   Level
 Spellforged Servitor     Conj/Summ      24%        N/A       94%         7
 Foxfire                  Conj/Fire      100%       2x1d9     1%          1
 Kiss of Death            Conj/Necr      100%       2d13      1%          1
 Magic Dart               Conj           100%       1d8       1%          1
 Sandblast                Erth           52%        2d12      1%          1
 Searing Ray              Conj           100%       2d8       1%          2
 Dazzling Flash           Conj/Hex       96%        N/A       1%          3
 Hailstorm                Conj/Ice       48%        3d10      1%          3
 Stone Arrow              Conj/Erth      96%        3d13      1%          3
 Swiftness                Air            100%       N/A       1%          3
 Fulminant Prism          Conj/Alch      30%        3d15      1%          4
 Arcjolt                  Conj/Air       47%        1d57      1%          5
 Vhi's Electric Charge    Tloc/Air       100%       N/A       3%          4
 Brom's Barrelling Bould  Conj/Erth      48%        2d7       4%          4
 Iskenderun's Mystic Bla  Conj/Tloc      48%        2d11      4%          4
 Volatile Blastmotes      Fire/Tloc      52%        2d14      6%          3
 Slow                     Hex            100%       N/A       7%          1
 Summon Small Mammal      Summ           100%       N/A       7%          1
 Silence                  Hex/Air        40%        N/A       9%          5
 Call Imp                 Summ           52%        N/A       11%         2
 Sublimation of Blood     Necr           26%        N/A       11%         2
 Plasma Beam              Fire/Air       40%        2x1d54    13%         6
 Call Canine Familiar     Summ           26%        N/A       22%         3
 Confusing Touch          Hex            26%        N/A       22%         3
 Passwall                 Erth           26%        N/A       22%         3
 Sigil of Binding         Hex            26%        N/A       22%         3
 Summon Ice Beast         Ice/Summ       26%        N/A       22%         3
 Vampiric Draining        Necr           26%        2d7       22%         3
 Starburst                Conj/Fire      24%        6d8       45%         6
 Dimensional Bullseye     Hex/Tloc       13%        N/A       56%         4
 Dispel Undead            Necr           26%        3d13      56%         4
 Summon Blazeheart Golem  Fire/Summ      26%        N/A       56%         4
 Curse of Agony           Necr           26%        N/A       89%         5
 Summon Forest            Summ/Tloc      13%        N/A       89%         5
 Summon Mana Viper        Hex/Summ       26%        N/A       89%         5
 Sculpt Simulacrum        Ice/Alch       21%        N/A       97%         6
 Summon Cactus Giant      Summ           13%        N/A       100%        6
 Monstrous Menagerie      Summ           13%        N/A       100%        7
 Summon Hydra             Summ           13%        N/A       100%        7

Inventory:

Hand Weapons
 e - the +10 rapier "Maijay" {freeze, Dex+5}
   (You found it on level 4 of the Lair of Beasts)

   Dex+5:     It affects your dexterity (+5).
Missiles
 f - 3 throwing nets {=f}
 x - 27 poisoned darts (quivered)
 C - 8 curare-tipped darts {=f}
Armour
 k - the +3 kite shield of Naivaim (worn) {Slay+3}
   (You found it on level 2 of the Shoals)

   Slay+3:    It affects your accuracy & damage with ranged weapons and melee
   (+3).
 y - a scarf of resistance (worn)
 E - a +2 cloak of fire resistance
 L - +1 swamp dragon scales (worn)
 M - an orb of energy
Magical Staves
 i - a staff of fire
 p - a staff of air (weapon)
Jewellery
 a - an amulet of magic regeneration (around neck)
 d - a ring of willpower
 v - a ring of see invisible
 I - a +6 ring of intelligence (right hand)
 O - a +4 ring of protection
 P - the ring of the Invisible Hand (left hand) {rElec rPois Will+ EV+5}
   (You bought it in a shop on level 2 of the Orcish Mines)

   [ring of evasion]

   EV+5:      It affects your evasion (+5).
   rElec:     It insulates you from electricity.
   rPois:     It protects you from poison.
   Will+:     It increases your willpower.
 R - a ring of resist corrosion
 T - the amulet of the Imp {Regen+ rCorr Int+2 Stlth+}
   (You took it off a vampire mage on level 5 of the Lair of Beasts)

   [amulet of regeneration]

   Int+2:     It affects your intelligence (+2).
   Regen+:    It increases your rate of health regeneration.
   rCorr:     It protects you from acid and corrosion.
   Stlth+:    It makes you more stealthy.
 Z - a ring of wizardry
Wands
 m - a wand of iceblast (28)
 J - a wand of flame (98)
 K - a wand of quicksilver (20)
 N - a wand of mindburst (3)
 W - a wand of paralysis (6)
 Y - a wand of digging (8)
Scrolls
 l - 4 scrolls of immolation {!r}
 o - 7 scrolls of fog
 q - 3 scrolls of poison
 r - 5 scrolls of amnesia
 s - 3 scrolls of revelation
 u - 6 scrolls of vulnerability {!r}
 D - 13 scrolls of teleportation {@r4}
 F - 2 scrolls of butterflies
 G - 4 scrolls of enchant armour
 Q - 2 scrolls of blinking
 S - 2 scrolls of brand weapon
 V - 4 scrolls of fear
Potions
 b - 4 potions of magic
 c - 4 potions of mutation {!q}
 g - 11 potions of heal wounds {@q2}
 h - 7 potions of might
 j - 6 potions of invisibility
 n - a potion of resistance
 t - 5 potions of haste {@q3}
 w - 4 potions of enlightenment
 z - 2 potions of brilliance
 A - 15 potions of curing {@q1}
 B - a potion of cancellation
 X - 11 potions of ambrosia
Miscellaneous
 H - a phantom mirror (inert)
 U - a lightning rod (4/4)

Dungeon Overview and Level Annotations

Branches:
Dungeon (15/15)            Temple (1/1) D:5            Lair (5/5) D:10
 Shoals (3/4) Lair:2        Snake (0/4) Lair:3        Slime (0/5) Lair:4
    Orc (2/2) D:9             Elf (0/3) Orc:2        Vaults (0/5) D:14
 Depths (0/4) D:15          IceCv (visited)         Volcano (visited)

Altars:
Ashenzari
Cheibriados
Dithmenos
Elyvilon
Fedhas
Gozag
Hepliaklqana
Kikubaaqudgha
Makhleb
Nemelex Xobeh
Okawaru
Qazlal
Ru
Sif Muna
Trog
Uskayaw
Vehumet
Wu Jian
Xom
Yredelemnul
Zin
The Shining One
Jiyva

Shops:
D:1 =   D:7 *   D:9 (([   Orc:2 =!:[   Shoals:1 *

Annotations:
D:13 2 transporters
Shoals:3 Mlioglotl

~~≈~...[.≈≈≈~..
≈~~~.≈≈~~≈≈......~~...~~
≈≈~~~≈≈~....# ........~
≈≈≈~~≈≈~...# c))......
≈≈≈~~≈≈~...# ....~~~~.
≈≈~†~......# #...~~~~~
≈~~~....m..## #.§.~~..~
~~.....##...# #...~~~~≈
~..m###▒▒▒#.####@.~~~≈≈≈
....# #..m....~~≈≈≈≈
..... #......~~~≈≈≈≈
..... #.....~~~~≈≈≈≈≈
#~..#▒ #..~~~~~~≈≈≈≈## ~
#..~~~~~≈≈≈≈≈# .~~
#..~~≈≈≈≈≈≈≈≈# .~.
#...~~≈≈≈≈≈≈≈≈≈ ...
.......~≈≈≈≈≈≈≈


You could see a merfolk javelineer and a satyr (scary).


Message History

The satyr shoots an arrow.
The arrow closely misses you.
The merfolk javelineer throws a silver javelin.
The silver javelin pierces through you!
* * * LOW HITPOINT WARNING * * *
x2 You hear a shout!
You hear an angry hiss.
Unknown command.
Your ball lightning explodes!
The blast of lightning engulfs the satyr!
The satyr is almost dead.
The blast of lightning engulfs you! You resist.
* * * LOW HITPOINT WARNING * * *
The merfolk javelineer throws a silver javelin.
The silver javelin pierces through you!
* * * LOW HITPOINT WARNING * * *
x2 The satyr shoots an arrow.
The arrow hits you!!
* * * LOW HITPOINT WARNING * * *
You hear a shout! x2
Unknown command.
Casting: Conjure Ball Lightning (mildly dangerous; 2% risk of failure)
Confirm with . or Enter, or press ? or * to list all spells.
Aiming: Airstrike (safe; 1% risk of failure)
Press: ? - help, Dir - move target, f - merfolk javelineer
Aim: a merfolk javelineer, wielding a +5 spear of venom, wearing a +0 leather armour and quivering silver javelins (empty space bonus: 5/8)
You feel a surge of power!
The air twists around and strikes the merfolk javelineer!!
The merfolk javelineer is moderately wounded.
The satyr shoots an arrow.
You block the arrow.
The merfolk javelineer throws a silver javelin.
The silver javelin pierces through you!!
You die...

Skill      XL: |  1  2  3  4  5  6  7  8  9 10 11 12 13 14 15 16 17 18 |
---------------+-------------------------------------------------------+-----
Conjurations   | 1 2 3 4 6 7 8 |  8.0
Dodging        | 2 |  2.0
Air Magic      | 3 4 5 6 7 8 10 11 12 13 14 15 | 15.1
Fighting       | 1 2 3 4 5 6 7 8 10 11 12 14 15 16 | 16.4
Spellcasting   | 3 4 5 6 7 8 10 12 15 16 18 | 18.9
Stealth        | 2 |  2.0
Alchemy        | 2 3 4 5 6 |  6.0
Evocations     | 1 2 3 4 5 6 7 8 9 10 | 10.3
Shields        | 4 6 7 |  7.4

Action                     |  1- 3 |  4- 6 |  7- 9 | 10-12 | 13-15 | 16-18 || total
---------------------------+-------+-------+-------+-------+-------+-------++-------
  Melee: Unarmed           |    11 |    17 |       |       |       |       ||    28
         Headbutt          |     2 |     8 |     9 |    20 |    15 |     7 ||    61
         Short sword       |       |    48 |    10 |       |       |       ||    58
         Long sword        |       |       |     9 |       |       |       ||     9
         Flail             |       |       |    23 |   119 |       |       ||   142
         Staff             |       |       |       |       |    38 |    18 ||    56
         Falchion          |       |       |       |       |     2 |       ||     2
  Throw: Dart              |       |       |       |     6 |     4 |     6 ||    16
   Cast: Shock             |    54 |    86 |    69 |     4 |     1 |     1 ||   215
         Static Discharge  |       |     4 |    58 |   139 |   263 |     7 ||   471
         Airstrike         |       |     1 |    34 |   179 |   374 |   296 ||   884
         Mephitic Cloud    |       |       |       |     2 |       |       ||     2
         Conjure Ball Ligh |       |       |       |       |    14 |   162 ||   176
         Maxwell's Capacit |       |       |       |       |     3 |     2 ||     5
  Evoke: Wand              |       |       |     9 |     6 |    13 |     3 ||    31
         Lightning rod     |       |       |       |       |     6 |       ||     6
         Tin of tremorston |       |       |       |       |     2 |       ||     2
         Phantom mirror    |       |       |       |       |     1 |     1 ||     2
    Use: Potion            |       |       |     3 |     1 |     2 |     1 ||     7
         Scroll            |       |       |       |       |    29 |     2 ||    31
   Stab: Sleeping          |       |       |     3 |       |       |       ||     3
         Confused          |       |       |       |     1 |       |       ||     1
         Paralysed         |       |       |       |       |     2 |     6 ||     8
 Armour: Robe              |    11 |    56 |   131 |       |       |       ||   198
         Swamp dragon scal |       |       |    17 |   493 |   750 |   426 ||  1686
  Dodge: Dodged            |     2 |    38 |    56 |   114 |   138 |    58 ||   406
  Block: Kite shield       |       |       |       |       |       |    49 ||    49

Levels and vault maps discovered:
D:1:      minmay_arrival_wavy_path, layout_loops_corners, serial_shops, shop,
          solitary_fountain, chequers_jeans
D:2:      layout_basic, shapermc_ecumenical_altar_mp_urbaneastern
D:3:      kennysheep_the_goblin_king, layout_basic, uniq_sigmund, uniq_ijyb,
          uniq_crazy_yiuf_cottage, uniq_robin
D:4:      layout_cave_pods, chequers_serial_rivers_micro_c, serial_bayou_ford_a,
          hangedman_abyss_or_decor_stagger, kennysheep_generic_room_7,
          uniq_edmund
D:5:      layout_loops_ring, minmay_temple_entry_nine_rooms, uniq_prince_ribbit1
D:6:      layout_gridville, mainiacjoe_overflow_catch_the_wave, kennysheep_mini,
          minmay_misc_feat_room, uniq_maggie, uniq_grinder
D:7:      layout_basic, serial_shops, nicolae_lakefront_shop, uniq_jeremiah,
          uniq_joseph, uniq_pikel
D:8:      layout_loops_corners, st_stairs_14, nicolae_figureground_sparkle
D:9:      layout_long_grid, orc_david_3, serial_shops, nicolae_shop_dealshenge,
          serial_bayou, serial_bayou_shore_b, serial_bayou_pond_a,
          serial_bayou_pond_a, serial_bayou_pond_d, nicolae_lava_and_water
D:10:     layout_rooms, lair_entry_dummy
D:11:     minmay_the_grid_square_5x5_4x4_mashed [minmay_the_grid_square_5x5_z,
          minmay_the_grid_square_5x5_pentomino_r,
          minmay_the_grid_square_5x5_minivault,
          minmay_the_grid_square_5x5_intrusive_squares,
          minmay_the_grid_square_5x5_two_walls_a,
          minmay_the_grid_square_5x5_prize_rear_guard,
          minmay_the_grid_square_5x5_prize_pseudospiral,
          minmay_the_grid_square_5x5_moneybag,
          minmay_the_grid_square_5x5_spiral_small,
          minmay_the_grid_square_5x5_prize_itemx,
          minmay_the_grid_square_5x5_prize_snowflake,
          minmay_the_grid_square_5x5_eight, minmay_the_grid_square_5x5_detours,
          minmay_the_grid_square_5x5_bridge, minmay_the_grid_square_5x5_c,
          minmay_the_grid_square_5x5_tie], layout_grid_maze, uniq_erolcha,
          uniq_grum
D:12:     layout_loops_cross, fedhas_altar_2
D:13:     gammafunk_jiyva_shrine, layout_small_grid, chequers_decorated_corner
D:14:     dpeg_index_elf_rogue_hall, layout_basic, nicolae_tricolors
D:15:     hangedman_depths_entry_try_elsewhere_first, layout_gridville,
          bloody_trog, nrook_campfire, nicolae_hexahallways, nrook_pool_corridor
Temple:   compressed_dpeg_triangle_lava_temple
Lair:1:   layout_regular_city, minmay_lair_oklob_items, grunt_megastairs_2,
          serial_bayou_shore_b
Lair:2:   layout_small_grid, elwin_shoals_entry_rooms,
          amcnicky_mini_pool_medium, serial_bayou_shore_a, lemuel_fruit_tree,
          uniq_sonja
Lair:3:   layout_cave_pods, minmay_snake_entry_guardpost_medium, special_room
          [special_room_mythical_zoo], portal_ice_cave_entry_pillars_1,
          roderic_batcave, infiniplex_staircase_pool_2, serial_bayou_shore_b
Lair:4:   layout_loops_ring, nicolae_slime_entry_slimehenge,
          gammafunk_ghost_arena, kennysheep_catoblepas_arena
Lair:5:   gammafunk_lair_ancient_temple, layout_layer_cave,
          nicolae_volcano_entry_s_turn, pdpol_lair_cabin_in_the_woods
Shoals:1: layout_shoals, serial_shops, shop_fountains
Shoals:2: layout_shoals, nicolae_shoals_water_shrine
Shoals:3: layout_shoals, serial_shops, nicolae_shop_statue_plus, uniq_roxanne,
          uniq_mlioglotl
Orc:1:    layout_caves, special_room [special_room_bee], gammafunk_ghost_smash,
          basic_altar
Orc:2:    grunt_orc_tribal_feast, layout_caves, mines5_lemuel

Notes
Turn   | Place    | Note
-------+----------+-------------------------------------------
     0 | D:1      | Jeffwins the Oni Air Elementalist began the quest for the
                  | Orb.
     0 | D:1      | Reached XP level 1. HP: 16/16 MP: 3/3
    67 | D:1      | Reached skill level 1 in Conjurations
   173 | D:1      | Reached XP level 2. HP: 26/26 MP: 0/5
   238 | D:1      | Found Goamass's Jewellery Shoppe.
   374 | D:1      | Learned a level 2 spell: Static Discharge
   545 | D:1      | Reached skill level 2 in Dodging
   680 | D:1      | Reached skill level 3 in Air Magic
   680 | D:1      | Reached XP level 3. HP: 32/32 MP: 2/7
   816 | D:1      | Reached skill level 1 in Fighting
  1361 | D:2      | Reached skill level 3 in Spellcasting
  1486 | D:2      | Reached XP level 4. HP: 41/41 MP: 1/8
  1493 | D:2      | Learned a level 4 spell: Airstrike
  1934 | D:2      | Reached skill level 2 in Conjurations
  2475 | D:2      | Found a faded altar of an unknown god.
  2660 | D:3      | Reached XP level 5. HP: 49/49 MP: 6/9
  2665 | D:3      | Reached skill level 2 in Fighting
  2917 | D:3      | Reached skill level 2 in Stealth
  3214 | D:3      | Reached XP level 6. HP: 59/59 MP: 6/11
  3324 | D:3      | Noticed Sigmund
  3329 | D:3      | Killed Sigmund
  3329 | D:3      | Noticed Ijyb
  3330 | D:3      | Reached skill level 3 in Fighting
  3330 | D:3      | Reached skill level 4 in Spellcasting
  3330 | D:3      | Reached skill level 3 in Conjurations
  3330 | D:3      | Reached skill level 4 in Air Magic
  3359 | D:3      | Reached XP level 7. HP: 39/67 MP: 1/13
  3371 | D:3      | Killed Ijyb
  3802 | D:3      | Found a runed translucent door.
  3803 | D:3      | Noticed Crazy Yiuf
  3908 | D:3      | Noticed Robin
  3912 | D:3      | Killed Robin
  4150 | D:3      | Killed Crazy Yiuf
  4332 | D:3      | Learned a level 3 spell: Mephitic Cloud
  4549 | D:4      | Noticed Edmund
  4563 | D:4      | Killed Edmund
  4564 | D:4      | Reached skill level 4 in Fighting
  4564 | D:4      | Reached skill level 5 in Spellcasting
  4702 | D:4      | Reached skill level 4 in Conjurations
  4726 | D:4      | Reached XP level 8. HP: 78/78 MP: 4/15
  4976 | D:4      | Reached skill level 1 in Alchemy
  5171 | D:4      | Reached skill level 5 in Air Magic
  5403 | D:5      | Entered Level 5 of the Dungeon
  5427 | D:5      | Reached skill level 1 in Evocations
  5742 | D:5      | Identified the +0 spear "Xeoriab" {freeze, rF++ rC- rN+}
  5754 | D:5      | Identified the +3 falchion "Amuuh" {venom, rF- rC+++ rN+++
                  | Dex-5}
  5965 | D:5      | Noticed Prince Ribbit
  5972 | D:5      | Reached skill level 6 in Spellcasting
  5973 | D:5      | Killed Prince Ribbit
  5974 | D:5      | Reached skill level 5 in Fighting
  6316 | D:5      | Reached skill level 2 in Alchemy
  6328 | D:5      | Reached XP level 9. HP: 83/88 MP: 9/18
  6329 | D:5      | Reached skill level 5 in Conjurations
  6458 | D:5      | Found a staircase to the Ecumenical Temple.
  6566 | Temple   | Entered the Ecumenical Temple
  6573 | Temple   | Became a worshipper of Vehumet
  6930 | D:6      | Found a bloodstained altar of Trog.
  7103 | D:6      | Reached skill level 2 in Evocations
  7126 | D:6      | Noticed Grinder
  7130 | D:6      | Killed Grinder
  7224 | D:6      | Reached skill level 6 in Air Magic
  7395 | D:6      | Noticed Maggie
  7409 | D:6      | Killed Maggie
  7410 | D:6      | Reached skill level 7 in Spellcasting
  7539 | D:6      | Found a glowing golden altar of the Shining One.
  7546 | D:6      | Found a burning altar of Makhleb.
  7667 | D:7      | Reached skill level 6 in Fighting
  8029 | D:7      | Found Dariprob's General Store.
  8050 | D:7      | Reached skill level 3 in Alchemy
  8107 | D:7      | Reached skill level 6 in Conjurations
  8293 | D:7      | Noticed a hornet
  8295 | D:7      | Killed a hornet
  8296 | D:7      | Reached XP level 10. HP: 100/100 MP: 12/21
  8377 | D:7      | Reached * piety under Vehumet
  8377 | D:7      | Offered knowledge of Kiss of Death by Vehumet.
  8378 | D:7      | Reached skill level 3 in Evocations
  8552 | D:7      | Noticed Joseph
  8557 | D:7      | Killed Joseph
  8735 | D:7      | Noticed Jeremiah
  8789 | D:7      | Killed Jeremiah
  8790 | D:7      | Reached skill level 8 in Spellcasting
  8790 | D:7      | Reached skill level 7 in Air Magic
  9088 | D:7      | Noticed Pikel
  9097 | D:7      | Killed Pikel
  9350 | D:8      | Reached skill level 7 in Fighting
 10241 | D:8      | Reached skill level 7 in Conjurations
 10678 | D:9      | Reached skill level 4 in Alchemy
 10841 | D:9      | Found Visalull's Antique Weapon Emporium.
 11088 | D:9      | Found Vufa's Weapon Boutique.
 11098 | D:9      | Reached XP level 11. HP: 63/109 MP: 9/23
 11133 | D:9      | Offered knowledge of Mercury Vapours by Vehumet.
 11263 | D:9      | Found a staircase to the Orcish Mines.
 11268 | D:9      | Found Leco's Armour Boutique.
 11289 | D:9      | Reached skill level 9 in Spellcasting
 11289 | D:9      | Reached ** piety under Vehumet
 12071 | D:10     | Entered Level 10 of the Dungeon
 12079 | D:10     | Reached skill level 4 in Evocations
 12081 | D:10     | Reached skill level 8 in Air Magic
 12187 | D:10     | Reached skill level 8 in Fighting
 12884 | D:10     | Found a staircase to the Lair.
 12966 | D:10     | Reached skill level 8 in Conjurations
 13403 | D:11     | Upgraded the game from 0.32-a0-350-g4f4d228785 to
                  | 0.32-a0-361-g289a535e89
 13413 | D:11     | Offered knowledge of Volatile Blastmotes by Vehumet.
 13492 | D:11     | Noticed a two-headed ogre
 13492 | D:11     | Noticed an ogre mage
 13604 | D:11     | Noticed a deep elf pyromancer
 13655 | D:11     | Reached skill level 10 in Spellcasting
 13732 | D:11     | Reached skill level 5 in Alchemy
 14073 | D:11     | Killed a deep elf pyromancer
 14076 | D:11     | Noticed a two-headed ogre
 14077 | D:11     | Noticed a red ugly thing
 14081 | D:11     | Killed a two-headed ogre
 14082 | D:11     | Reached XP level 12. HP: 122/122 MP: 4/26
 14111 | D:11     | Reached skill level 9 in Fighting
 14111 | D:11     | Reached skill level 9 in Air Magic
 14119 | D:11     | Reached *** piety under Vehumet
 14613 | D:11     | Noticed a boulder beetle
 14626 | D:11     | Killed a boulder beetle
 14627 | D:11     | Reached skill level 5 in Evocations
 14802 | D:11     | Noticed a two-headed ogre
 14814 | D:11     | Killed a two-headed ogre
 14815 | D:11     | Reached skill level 11 in Spellcasting
 14992 | D:11     | Paralysed by an ogre mage for 2 turns
 14998 | D:11     | Paralysed by an ogre mage for 4 turns
 15003 | D:11     | Killed an ogre mage
 15094 | D:11     | Upgraded the game from 0.32-a0-361-g289a535e89 to
                  | 0.32-a0-391-gce5c0aab1b
 15098 | D:11     | Offered knowledge of Frozen Ramparts by Vehumet.
 15133 | D:11     | Noticed a rakshasa
 15134 | D:11     | Upgraded the game from 0.32-a0-391-gce5c0aab1b to
                  | 0.32-a0-433-g08bcfe7efd
 15440 | D:11     | Reached skill level 6 in Alchemy
 15476 | D:11     | Killed a rakshasa
 15520 | D:11     | Reached skill level 10 in Fighting
 15636 | D:11     | Noticed Grum
 15639 | D:11     | Reached skill level 10 in Air Magic
 15640 | D:11     | Killed Grum
 15830 | D:11     | Noticed a fire dragon
 15839 | D:11     | HP: 10/126 [fire dragon/blast of flame (59)]
 15840 | D:11     | Killed a fire dragon
 16149 | D:11     | Noticed a tengu warrior
 16154 | D:11     | Killed a tengu warrior
 16155 | D:11     | Reached skill level 12 in Spellcasting
 16155 | D:11     | Reached XP level 13. HP: 135/135 MP: 10/29
 16230 | D:11     | Identified a potion of experience
 16234 | D:11     | Identified a potion of resistance
 16237 | D:11     | Reached skill level 11 in Fighting
 16237 | D:11     | Reached skill level 11 in Air Magic
 16237 | D:11     | Reached skill level 6 in Evocations
 16237 | D:11     | Reached XP level 14. HP: 146/146 MP: 30/30
 16314 | D:11     | Noticed Erolcha
 16317 | D:11     | Killed Erolcha
 16394 | D:11     | Reached skill level 13 in Spellcasting
 16873 | D:12     | Reached **** piety under Vehumet
 16881 | D:12     | Found a blossoming altar of Fedhas.
 17042 | D:12     | Offered knowledge of Arcjolt by Vehumet.
 17043 | D:12     | Upgraded the game from 0.32-a0-433-g08bcfe7efd to
                  | 0.32-a0-450-g080537f31e
 17216 | D:12     | Identified a +0 crystal plate armour
 17414 | Lair:1   | Entered Level 1 of the Lair of Beasts
 18756 | Lair:2   | Upgraded the game from 0.32-a0-450-g080537f31e to
                  | 0.32-a0-468-g38b2580584
 18891 | Lair:2   | Reached skill level 7 in Evocations
 18899 | Lair:2   | Reached skill level 12 in Air Magic
 19003 | Lair:2   | Reached skill level 12 in Fighting
 19019 | Lair:2   | Reached ***** piety under Vehumet
 19020 | Lair:2   | Reached skill level 14 in Spellcasting
 19071 | Lair:2   | Offered knowledge of Conjure Ball Lightning by Vehumet.
 19085 | Lair:2   | Learned a level 6 spell: Conjure Ball Lightning
 19138 | Lair:2   | Noticed Sonja
 19142 | Lair:2   | Killed Sonja
 19495 | Lair:2   | Found a staircase to the Shoals.
 20657 | Lair:3   | Found a staircase to the Snake Pit.
 20697 | Lair:3   | Reached skill level 15 in Spellcasting
 20697 | Lair:3   | Reached XP level 15. HP: 38/158 MP: 9/34
 20709 | Lair:3   | Found a frozen archway.
 20846 | IceCv    | Entered an ice cave
 21444 | IceCv    | Offered knowledge of Olgreb's Toxic Radiance by Vehumet.
 21738 | IceCv    | Reached skill level 13 in Fighting
 21766 | IceCv    | Identified a scarf of resistance
 21814 | IceCv    | Reached skill level 1 in Shields
 21946 | IceCv    | HP: 11/159 [dire elephant simulacrum (11)]
 22568 | Lair:3   | Learned a level 4 spell: Olgreb's Toxic Radiance
 23055 | Lair:3   | Reached skill level 8 in Evocations
 23538 | Lair:4   | Reached skill level 2 in Shields
 23706 | Lair:4   | Noticed Gadrel's ghost (journeyman MDFi)
 23710 | Lair:4   | Found a transporter.
 23879 | Lair:4   | Found a staircase to the Slime Pits.
 23882 | Lair:4   | Offered knowledge of Fireball by Vehumet.
 24099 | Lair:4   | Learned a level 8 spell: Maxwell's Capacitive Coupling
 24105 | Lair:4   | Learned a level 5 spell: Fireball
 24205 | Lair:4   | Found a transporter.
 24672 | Lair:4   | Killed Gadrel's ghost
 24684 | Lair:4   | Identified the +10 rapier "Maijay" {freeze, Dex+5}
 24738 | Lair:5   | Entered Level 5 of the Lair of Beasts
 24786 | Lair:4   | Reached skill level 3 in Shields
 25247 | Lair:5   | Reached skill level 16 in Spellcasting
 25315 | Lair:5   | HP: 15/162 [skyshark (12)]
 25370 | Lair:5   | Found a dark tunnel.
 25458 | Volcano  | Entered a volcano
 26067 | Lair:5   | Found a runed translucent door.
 26074 | Lair:5   | Identified the amulet of the Imp {Regen+ rCorr Int+2
                  | Stlth+}
 26293 | Lair:5   | Reached skill level 14 in Fighting
 26398 | Lair:5   | Reached skill level 4 in Shields
 26429 | Lair:5   | Reached XP level 16. HP: 36/172 MP: 20/36
 26808 | Lair:5   | Offered knowledge of Irradiate by Vehumet.
 27194 | Lair:5   | Identified the ring "Custelio" {rPois rF- rCorr Str+4
                  | Dex+6}
 27211 | Lair:5   | Reached skill level 13 in Air Magic
 27211 | Lair:5   | Reached skill level 9 in Evocations
 27211 | Lair:5   | Reached XP level 17. HP: 182/182 MP: 37/37
 27833 | Orc:1    | Entered Level 1 of the Orcish Mines
 27842 | Orc:1    | Reached skill level 17 in Spellcasting
 27961 | Orc:1    | Found a burning altar of Makhleb.
 28027 | Orc:1    | Reached skill level 5 in Shields
 28256 | Orc:1    | Noticed Sabo's ghost (journeyman MDMo)
 28257 | Orc:1    | Found a transporter.
 28265 | Orc:1    | Identified the +5 giant club of Wariness {drain, rF+}
 28535 | Orc:1    | Found a transporter.
 28548 | Orc:1    | Killed Sabo's ghost
 28749 | Orc:2    | Entered Level 2 of the Orcish Mines
 28936 | Orc:2    | Found a staircase to the Elven Halls.
 29126 | Orc:2    | Offered knowledge of Eringya's Noxious Bog by Vehumet.
 29656 | Orc:2    | Reached skill level 15 in Fighting
 30102 | Orc:2    | Found Hysylell's Jewellery Shoppe.
 30102 | Orc:2    | Found Hezegoth's Distillery.
 30104 | Orc:2    | Found Fitura Vann's Book Shoppe.
 30104 | Orc:2    | Found Beipyt Vita's Antique Armour Boutique.
 30113 | Orc:2    | Bought a warped robe for 153 gold pieces
 30113 | Orc:2    | Identified the +0 robe of Space {rPois Dex+2 Stlth+} (You
                  | bought it in a shop on level 2 of the Orcish Mines)
 30116 | Orc:2    | Bought 2 potions of ambrosia for 176 gold pieces
 30116 | Orc:2    | Bought a potion of ambrosia for 88 gold pieces
 30122 | Orc:2    | Bought the ring of the Invisible Hand {rElec rPois Will+
                  | EV+5} for 1076 gold pieces
 30507 | D:12     | Upgraded the game from 0.32-a0-468-g38b2580584 to
                  | 0.32-a0-473-gd044c6f0f0
 30507 | D:12     | Upgraded the game from 0.32-a0-473-gd044c6f0f0 to
                  | 0.32-a0-485-g70f7560b1c
 30507 | D:12     | Upgraded the game from 0.32-a0-485-g70f7560b1c to
                  | 0.32-a0-576-g706899e69d
 31363 | D:13     | Found a transporter.
 31366 | D:13     | Noticed an acid blob
 31368 | D:13     | Found a viscous altar of Jiyva.
 31429 | D:13     | Found a transporter.
 32012 | D:14     | Identified the +0 pair of gloves "Muritz" {rF+ rCorr}
 32331 | D:14     | Reached skill level 14 in Air Magic
 32333 | D:14     | Reached skill level 6 in Shields
 32607 | D:14     | Reached ****** piety under Vehumet
 32607 | D:14     | Offered knowledge of Yara's Violent Unravelling by Vehumet.
 33222 | D:14     | Found a gate to the Vaults.
 33483 | D:15     | Entered Level 15 of the Dungeon
 33545 | D:15     | Reached skill level 18 in Spellcasting
 33773 | D:15     | Reached XP level 18. HP: 148/195 MP: 23/40
 34120 | D:15     | Found a bloodstained altar of Trog.
 34129 | D:15     | Identified the +2 animal skin "Hyhixt" {Rampage Int+3}
 34682 | D:15     | Found a staircase to the Depths.
 35301 | Shoals:1 | Entered Level 1 of the Shoals
 35930 | Shoals:1 | Reached skill level 10 in Evocations
 36176 | Shoals:1 | Found Bad Ynt's General Store.
 36202 | Shoals:1 | Bought a potion of heal wounds for 90 gold pieces
 36202 | Shoals:1 | Bought a potion of heal wounds for 90 gold pieces
 36914 | Shoals:2 | Reached skill level 16 in Fighting
 36916 | Shoals:2 | Reached skill level 7 in Shields
 37879 | Shoals:2 | Offered knowledge of Spellforged Servitor by Vehumet.
 38216 | Shoals:2 | Reached skill level 15 in Air Magic
 38655 | Shoals:2 | Identified the +3 kite shield of Naivaim {Slay+3}
 39059 | Shoals:3 | Noticed Mlioglotl
 39322 | Shoals:3 | HP: 9/198 [satyr/arrow (21)]
 39323 | Shoals:3 | Hit by a silver javelin thrown by a merfolk javelineer

Vanquished Creatures
  2 krakens
  2 dire elephants
  The ghost of Gadrel the Severer, a journeyman MDFi of the Shining One (Lair:4)
  3 merfolk impalers
  2 fire dragons
  3 merfolk javelineers
  The ghost of Sabo the Basher, a journeyman MDMo of Ashenzari (Orc:1)
  Erolcha (D:11)
  5 hydras
  5 boulder beetles
  A catoblepas (Lair:4)
  2 ogre magi
  3 merfolk aquamancers (Shoals:2)
  A rakshasa (D:11)
  A death knight (D:15)
  5 centaur warriors
  11 two-headed ogres
  A merfolk avatar (Lair:5)
  A satyr (Shoals:2)
  2 tengu warriors
  4 death yaks (Lair:5)
  A vampire mage (Lair:5)
  3 orc high priests (Orc:2)
  4 skeletal warriors
  Sonja (Lair:2)
  4 deep elf knights (D:14)
  A cyclops (shapeshifter) (D:14)
  9 skysharks
  4 sea snakes
  2 bog bodies (IceCv)
  6 orc knights
  5 harpies
  2 phantasmal warriors (D:15)
  An arcanist (D:14)
  Pikel (D:7)
  A deep elf zephyrmancer (D:14)
  A wolf spider (D:11)
  4 deep elf pyromancers
  9 fauns
  2 ugly things (D:11)
  A salamander (shapeshifter) (D:15)
  4 orc sorcerers
  An oklob plant (Lair:1)
  A salamander (D:15)
  A meliai (shapeshifter) (D:15)
  8 elephants
  13 manticores
  Joseph (D:7)
  6 cyclopes
  An eye of devastation (shapeshifter) (D:14)
  6 black mambas
  5 kobold blastminers
  5 merfolk sirens
  A guardian serpent (shapeshifter) (D:14)
  A torpor snail (Lair:5)
  Maggie (D:6)
  An ice statue (IceCv)
  3 gargoyles
  5 water nymphs
  3 unseen horrors
  15 cane toads
  Jeremiah (D:7)
  6 rime drakes
  4 komodo dragons
  A kobold demonologist (D:10)
  A yaktaur (D:11)
  3 anaconda simulacra (IceCv)
  2 freezing wraiths (D:11)
  5 efreet
  An ice devil (IceCv)
  2 tengu conjurers
  A merfolk (shapeshifter) (D:14)
  22 merfolk
  4 wind drakes
  6 trolls
  3 hornets
  A queen bee (Orc:1)
  7 polar bears
  Grinder (D:6)
  Prince Ribbit (D:5)
  14 dream sheep
  Sigmund (D:3)
  45 blink frogs
  5 snapping turtles
  11 slime creatures
  A vampire (D:10)
  10 water elementals
  10 wyverns
  3 shadows
  A dire elephant simulacrum (IceCv)
  3 wraiths
  59 yaks
  7 fire elementals
  2 steam dragons
  A warg (shapeshifter) (D:13)
  A death yak simulacrum (IceCv)
  6 basilisks
  8 wargs
  A human (Lair:5)
  Grum (D:11)
  2 vampire mosquitoes (D:12)
  Edmund (D:4)
  6 nagas (Lair:3)
  A harpy simulacrum (IceCv)
  A hydra simulacrum (IceCv)
  23 water moccasins
  An acid dragon (D:10)
  A meliai simulacrum (D:15)
  2 ice beasts
  3 black bears
  3 laughing skulls
  15 wolves
  2 ogres
  20 orc warriors
  A boggart (D:11)
  16 centaurs
  4 lemures (D:7)
  A phantom (D:7)
  2 kobold brigands
  16 bullfrogs
  A gnoll sergeant (D:9)
  7 two-headed ogre simulacra (IceCv)
  2 scorpions
  14 wights
  2 elephant simulacra (IceCv)
  19 killer bees (Orc:1)
  2 electric eels
  5 howler monkeys
  2 lava snakes (D:9)
  A bombardier beetle (D:3)
  8 orc priests
  Crazy Yiuf (D:3)
  6 hounds
  8 jellies
  A sleepcap (D:3)
  Ijyb (D:3)
  4 iguanas
  20 orc wizards
  14 hell rats
  4 polar bear simulacra (IceCv)
  8 spriggan simulacra (IceCv)
  5 troll simulacra (IceCv)
  4 wolf simulacra (IceCv)
  Robin (D:3)
  9 gnolls
  4 naga simulacra (IceCv)
  10 adders
  3 white imps (IceCv)
  7 ufetubi
  3 dart slugs
  3 ribbon worms (D:3)
  55 orcs
  12 bats
  12 endoplasms
  4 giant cockroaches
  19 goblins
  8 hobgoblins
  9 jackals
  17 kobolds
  2 quokkas
  6 ball pythons
  6 frilled lizards
  2 rats (D:2)
  15 tentacles
930 creatures vanquished.

Vanquished Creatures (collateral kills)
  A ball lightning (Orc:2)
1 creature vanquished.

Vanquished Creatures (others)
  An ugly thing (D:13)
  A water elemental (D:14)
  An orc wizard (Orc:2)
  2 orcs (Orc:2)
  410 ball lightnings
  2 starspawn tentacles (Shoals:3)
  9 tentacles
426 creatures vanquished.

Grand Total: 1357 creatures vanquished

Table legend: (Time is in decaauts)
 A = Elapsed time spent in this place.
 B = Non-inter-level travel time spent in this place.
 C = Inter-level travel time spent in this place.
 D = Time resting spent in this place.
 E = Time spent auto-exploring this place.
 F = Levels seen in this place.
 G = Mean time per level.
                   A        B        C        D        E       F      G
               +--------+--------+--------+--------+--------+-----+--------+
         Total |  39426 |  37821 |   1605 |   5733 |  26667 |  28 | 1408.1 |
       Dungeon |  22585 |  21601 |    984 |   2231 |  16601 |  15 | 1505.7 |
        Temple |     14 |      8 |      6 |      0 |      0 |   1 |   14.0 |
          Lair |   8976 |   8572 |    404 |   1397 |   5835 |   5 | 1795.2 |
        Shoals |   3489 |   3422 |     67 |   1409 |   1563 |   3 | 1163.0 |
  Orcish Mines |   2401 |   2259 |    142 |    412 |   1457 |   2 | 1200.5 |
      Ice Cave |   1736 |   1736 |      0 |    165 |   1211 |   1 | 1736.0 |
       Volcano |    221 |    221 |      0 |    119 |      0 |   1 |  221.0 |
               +--------+--------+--------+--------+--------+-----+--------+

Top non-repeatable levels by time:
    D:11: 3138 daAuts
  Lair:2: 2110 daAuts
  Lair:5: 2060 daAuts
  Lair:4: 1841 daAuts
Shoals:1: 1833 daAuts
     D:9: 1819 daAuts
   IceCv: 1736 daAuts
     D:7: 1700 daAuts
    D:14: 1672 daAuts
     D:3: 1617 daAuts
Shoals:2: 1591 daAuts
  Lair:3: 1578 daAuts
    D:15: 1574 daAuts
   Orc:2: 1480 daAuts
     D:5: 1408 daAuts

Table legend:
 A = Non-vault XP
 B = Vault XP
 C = Vault XP percentage of total XP
 D = Non-vault monster count
 E = Vault monster count
 F = Vault count percentage of total count
                 A         B        C        D         E       F
            +---------+---------+-------+---------+---------+-------
      Total |  133878 |   85082 |  38.9 |     586 |     326 |  35.7
            +---------+---------+-------+---------+---------+-------
        D:1 |      54 |       0 |   0.0 |      20 |       0 |   0.0
        D:2 |     116 |       0 |   0.0 |      29 |       0 |   0.0
        D:3 |     277 |     391 |  58.5 |      25 |      21 |  45.7
        D:4 |     293 |     261 |  47.1 |      11 |       4 |  26.7
        D:5 |     731 |     252 |  25.6 |      14 |       1 |   6.7
        D:6 |     748 |     728 |  49.3 |      12 |       2 |  14.3
        D:7 |    1427 |    1494 |  51.1 |      16 |       3 |  15.8
        D:8 |    1269 |     111 |   8.0 |      26 |       1 |   3.7
        D:9 |    2573 |     138 |   5.1 |      20 |       4 |  16.7
       D:10 |    4674 |       0 |   0.0 |      28 |       0 |   0.0
       D:11 |    3237 |   16319 |  83.4 |      25 |      38 |  60.3
       D:12 |    4551 |       0 |   0.0 |      15 |       0 |   0.0
       D:13 |    8215 |       0 |   0.0 |      22 |       0 |   0.0
       D:14 |    6497 |    9246 |  58.7 |      22 |      21 |  48.8
       D:15 |   10242 |    2912 |  22.1 |      22 |       4 |  15.4
     Lair:1 |    5017 |    3052 |  37.8 |      19 |      12 |  38.7
     Lair:2 |    6884 |    3154 |  31.4 |      25 |       9 |  26.5
     Lair:3 |    6573 |    3665 |  35.8 |      30 |      35 |  53.8
     Lair:4 |    5987 |    3717 |  38.3 |      19 |      16 |  45.7
     Lair:5 |   20516 |   10962 |  34.8 |      64 |      24 |  27.3
   Shoals:1 |   15431 |       0 |   0.0 |      32 |       0 |   0.0
   Shoals:2 |   17737 |    4393 |  19.9 |      35 |       9 |  20.5
   Shoals:3 |    6469 |       0 |   0.0 |      14 |       0 |   0.0
      Orc:1 |    1461 |    8140 |  84.8 |      19 |      28 |  59.6
      Orc:2 |    2899 |    9475 |  76.6 |      22 |      36 |  62.1
      IceCv |       0 |    5400 | 100.0 |       0 |      53 | 100.0
    Volcano |       0 |    1272 | 100.0 |       0 |       5 | 100.0
            +---------+---------+-------+---------+---------+-------
